 Dungeon Crawl Stone Soup version 0.29-a0-322-g68df515428 (webtiles) character file.

Game seed: 2653111970271849113

350 dracfodder the Firebug (level 6, -14/32 HPs)
             Began as a Gargoyle Fire Elementalist on Apr 9, 2022.
             Demolished by Edmund
             ... wielding a +1 dire flail of holy wrath
              (15 damage)
             ... on level 5 of the Dungeon.
             The game lasted 00:20:44 (4282 turns).

dracfodder the Firebug (Gargoyle Fire Elementalist) Turns: 4282, Time: 00:20:46

Health: -14/32     AC:  7    Str: 12    XL:     6   Next: 60%
Magic:  2/12       EV: 12    Int: 17    God:
Gold:   152        SH:  0    Dex: 10    Spells: 4/13 levels left

rFire   + . .      SeeInvis .   e - +1 mace
rCold   . . .      Faith    .   (no shield)
rNeg    + . .      Spirit   .   a - +0 robe
rPois   ∞          Reflect  .   (no helmet)
rElec   +          Harm     .   (no cloak)
rCorr   .          Rampage  .   (no gloves)
Will    +....                   h - +0 pair of boots
Stlth   ++........              t - amulet of magic regeneration
HPRegen 0.10/turn               c - ring of protection from fire
MPRegen 0.53/turn               g - ring of willpower

@: no status effects
A: sickness immunity, AC +4, negative energy resistance 1, electricity
resistance, torment resistance 1, petrification resistance
a: no special abilities


You were on level 5 of the Dungeon.
You visited 1 branch of the dungeon, and saw 5 of its levels.

You collected 152 gold pieces.

Inventory:

Hand Weapons
 e - a +1 mace (weapon)
Armour
 a - a +0 robe (worn)
 h - a +0 pair of boots (worn)
Jewellery
 c - a ring of protection from fire (left hand)
 g - a ring of willpower (right hand)
 n - a ring of protection from cold
 t - an amulet of magic regeneration (around neck)
Wands
 p - a wand of digging (5)
 s - a wand of paralysis (8)
Scrolls
 d - a scroll of identify
 j - 3 scrolls of teleportation
 k - a scroll of magic mapping {unknown}
 m - 4 scrolls of noise {unknown}
 u - a scroll of amnesia {unknown}
 v - 2 scrolls of blinking {unknown}
Potions
 b - a potion of magic
 f - a potion of ambrosia
 i - 5 potions of curing {unknown}
 l - a potion of haste {unknown}
 o - 2 potions of heal wounds {unknown}
 q - a potion of might {unknown}
 r - a potion of flight {unknown}


   Skills:
 + Level 0.1 Fighting
 + Level 0.6 Maces & Flails
 + Level 1.8 Dodging
 + Level 2.4 Stealth
 * Level 4.3 Spellcasting
 + Level 1.7 Conjurations
 * Level 5.2 Fire Magic


You had 4 spell levels left.
You knew the following spells:

 Your Spells              Type           Power      Damage    Failure   Level
a - Foxfire               Conj/Fire      60%        2x1d7     3%          1
b - Scorch                Fire           42%        2d7       2%          2
c - Call Imp              Summ           3%         N/A       22%         2
d - Flame Wave            Conj/Fire      15%        2d6       36%         4

Your spell library contained the following spells:

 Spells                   Type           Power      Damage    Failure   Level
 Magic Dart               Conj           36%        1d4       8%          1
 Conjure Flame            Conj/Fire      15%        6-21      11%         3
 Inner Flame              Hex/Fire       12%        N/A       16%         3
 Blink                    Tloc           6%         N/A       22%         2
 Mephitic Cloud           Conj/Pois/Air  5%         N/A       36%         3
 Manifold Assault         Tloc           3%         N/A       99%         5
 Storm Form               Tmut/Air       1%         N/A       100%        7


Dungeon Overview and Level Annotations

Branches:
Dungeon (5/15)             Temple (0/1) D:4

Altars:
Makhleb

Annotations:
D:5 Edmund


Innate Abilities, Weirdness & Mutations

You are immune to sickness and miasma.
Your stone body is resilient. (AC +4)
You are immune to poison.
You resist negative energy. (rN+)
You are resistant to electric shocks. (rElec)
You are resistant to unholy torment.
You are immune to petrification.


Message History

Casting: Scorch (safe; 2% risk of failure)
Press: ? - help, Q - select action, (/) - cycle Dir - look around, f - activate Flames lash the orc.
You kill the orc!
Casting: Scorch (safe; 2% risk of failure)
Press: ? - help, Q - select action, (/) - cycle Dir - look around, f - activate Flames lash Edmund but do no damage.
Edmund misses you.
Casting: Scorch (safe; 2% risk of failure)
Confirm with . or Enter, or press ? or * to list all spells.
You conjure some foxfire!
Edmund is no longer more vulnerable to fire.
Edmund misses you.
You barely miss Edmund.
Edmund is severely wounded.
The foxfire hits Edmund.
Edmund resists.
Edmund is severely wounded.
The foxfire hits Edmund but does no damage.
Edmund is severely wounded.
Edmund hits you with a +1 dire flail of holy wrath.
Casting: Foxfire (safe; 3% risk of failure)
Confirm with . or Enter, or press ? or * to list all spells.
You conjure some foxfire!
An orc comes into view. It is wielding a +0 flail.
Edmund hits you with a +1 dire flail of holy wrath.
You hit Edmund.
Edmund is almost dead.
The foxfire hits Edmund.
Edmund resists.
Edmund is almost dead.
The foxfire hits Edmund but does no damage.
Edmund is almost dead.
Edmund hits you with a +1 dire flail of holy wrath!
* * * LOW HITPOINT WARNING * * *
Casting: Scorch (safe; 2% risk of failure)
Press: ? - help, Q - select action, (/) - cycle Dir - look around, f - activate Flames lash Edmund.
Edmund resists.
Edmund is almost dead.
Edmund's fire resistance burns away.
Edmund hits you with a +1 dire flail of holy wrath!
You die...

######............#
.........##.......#
........###.......#
........# ####o####
.....[..# #..#
........# ##.##
........# #..#
........# ##@##
........# #@.#
...............§§§...#
#####+###########..#.#
..# .. #.. .. ... .
..>. #####


You could see Edmund (combustible) and an orc.

Vanquished Creatures
  A scorpion (D:4)
  An orc priest (D:4)
  A hound (D:4)
  An iguana (D:4)
  An orc wizard (D:3)
  7 adders
  A shadow imp (D:3)
  An ufetubus (D:3)
  2 worms
  2 dart slugs
  18 orcs
  3 endoplasms
  3 giant cockroaches
  8 goblins
  7 hobgoblins
  2 jackals (D:1)
  2 quokkas
  7 ball pythons
  2 bats
  3 frilled lizards (D:3)
  7 kobolds
  3 rats
83 creatures vanquished.

Vanquished Creatures (others)
  155 foxfires
155 creatures vanquished.

Grand Total: 238 creatures vanquished

Notes
Turn   | Place    | Note
-------+----------+-------------------------------------------
     0 | D:1      | dracfodder the Gargoyle Fire Elementalist began the quest
                  | for the Orb.
     0 | D:1      | Reached XP level 1. HP: 10/10 MP: 3/3
    20 | D:1      | Found a faded altar of an unknown god.
   167 | D:1      | Reached XP level 2. HP: 15/15 MP: 0/5
   571 | D:1      | Learned a level 2 spell: Scorch
   574 | D:1      | Learned a level 2 spell: Call Imp
   674 | D:1      | Reached XP level 3. HP: 19/19 MP: 2/6
  1561 | D:2      | Found a burning altar of Makhleb.
  1610 | D:2      | Reached XP level 4. HP: 24/24 MP: 3/8
  2109 | D:3      | Reached skill level 4 in Fire Magic
  2405 | D:3      | Reached XP level 5. HP: 28/28 MP: 1/10
  3144 | D:4      | Found a staircase to the Ecumenical Temple.
  3483 | D:4      | Reached XP level 6. HP: 32/32 MP: 7/11
  3646 | D:4      | Reached skill level 5 in Fire Magic
  4177 | D:5      | Entered Level 5 of the Dungeon
  4188 | D:5      | Learned a level 4 spell: Flame Wave
  4257 | D:5      | Noticed Edmund
  4281 | D:5      | HP: 1/32 [Edmund/+1 dire flail of holy wrath (10)]
  4282 | D:5      | Demolished by Edmund

Illustrated notes

Levels and vault maps discovered:
D:1:      doesnt_arrival_eight_statues, layout_basic,
          hellmonk_ecumenical_altar_blasted, minmay_tall_x
D:2:      layout_basic, basic_altar, minmay_shallow_snake_nest
D:3:      layout_loops_ring
D:4:      layout_loops_cross, minmay_temple_entry_statues_fountains
D:5:      layout_basic, serial_glass, glass_columns_c, glass_columns_a,
          glass_columns_b, glass_columns_a, nicolae_elevator_lobby_asterisk,
          uniq_edmund

Skill      XL: |  1  2  3  4  5  6 |
---------------+-------------------+-----
Spellcasting   | 3 4 |  4.3
Fire Magic     | 4 5 |  5.2
Fighting       | |  0.1
Maces & Flails | |  0.6
Dodging        | |  1.8
Stealth        | |  2.4
Conjurations   | |  1.7

Action                   |  1- 3 |  4- 6 || total
-------------------------+-------+-------++-------
Melee: Mace              |    33 |    23 ||    56
       Punch             |       |     1 ||     1
 Cast: Foxfire           |    27 |    64 ||    91
       Scorch            |     8 |    48 ||    56
  Use: Scroll            |     4 |       ||     4
Armor: Robe              |     5 |    16 ||    21
Dodge: Dodged            |    30 |    30 ||    60

Table legend: (Time is in decaauts)
 A = Elapsed time spent in this place.
 B = Non-inter-level travel time spent in this place.
 C = Inter-level travel time spent in this place.
 D = Time resting spent in this place.
 E = Time spent auto-exploring this place.
 F = Levels seen in this place.
 G = Mean time per level.
                   A        B        C        D        E       F      G
               +--------+--------+--------+--------+--------+-----+--------+
         Total |   4302 |   4213 |     89 |   1360 |   2141 |   5 |  860.4 |
       Dungeon |   4302 |   4213 |     89 |   1360 |   2141 |   5 |  860.4 |
               +--------+--------+--------+--------+--------+-----+--------+

Top non-repeatable levels by time:
     D:1: 1274 daAuts
     D:3: 1088 daAuts
     D:4: 1052 daAuts
     D:2: 781 daAuts
     D:5: 105 daAuts
